 Dungeon Crawl Stone Soup version 0.22-a0-389-g8519d86 (webtiles) character file.

1729 Kairos the Cleaver (level 8, -9/73 HPs)
             Began as a Deep Dwarf Fighter on Apr 30, 2018.
             Was an Initiate of Makhleb.
             Killed by nerve-wracking pain
             ... invoked by a shadow imp
              (12 damage)
             ... on level 5 of the Dungeon.
             The game lasted 00:16:02 (4396 turns).

Kairos the Cleaver (Deep Dwarf Fighter)             Turns: 4396, Time: 00:16:02

Health: -9/73      AC:  9    Str: 21    XL:     8   Next: 76%
Magic:  9/9        EV:  9    Int:  9    God:    Makhleb [......]
Gold:   201        SH: 11    Dex: 15    Spells: 7/7 levels left

rFire    . . .     SeeInvis .   a - +1 war axe
rCold    . . .     Gourm    .   c - +0 shield
rNeg     . . .     Faith    .   b - +1 scale mail
rPois    .         Spirit   .   u - +0 helmet
rElec    .         Reflect  .   (no cloak)
rCorr    .         Harm     .   (no gloves)
MR       +....                  (no boots)
Stlth    ..........             (no amulet)
HPRegen  0.00/turn              r - +2 ring of dexterity
MPRegen  0.11/turn              (no ring)

@: non-regenerating
A: damage resistance, heal wounds, sense surroundings 1, no regeneration
a: Heal Wounds, Renounce Religion


You were on level 5 of the Dungeon.
You worshipped Makhleb.
Makhleb was noncommittal.
You were not hungry.

You visited 2 branches of the dungeon, and saw 6 of its levels.
You also visited: Sewer and Ossuary.

You collected 298 gold pieces.
You spent 97 gold pieces at shops.

Inventory:

Hand Weapons
 a - a +1 war axe (weapon)
Missiles
 t - 3 tomahawks (quivered)
Armour
 b - a +1 scale mail (worn)
 c - a +0 shield (worn)
 u - a +0 helmet (worn)
Jewellery
 r - a +2 ring of dexterity (left hand)
Wands
 g - a wand of scattershot (5)
Scrolls
 k - 3 scrolls of identify
 l - 3 scrolls of teleportation
 n - a scroll of fear
 o - a scroll of amnesia
 s - 2 scrolls of immolation
Potions
 d - a potion of might
 e - 5 potions of flight
 i - 3 potions of berserk rage {unknown}
 j - 2 potions of brilliance
 m - 2 potions of degeneration
 p - a potion of invisibility
 q - 2 potions of haste {unknown}
 v - a potion of resistance
Comestibles
 f - 10 rations


   Skills:
 + Level 4.7 Fighting
 + Level 8.2 Axes
 + Level 5.8 Armour
 + Level 2.8 Dodging
 + Level 0.1 Stealth
 + Level 6.2 Shields
 + Level 2.1 Evocations


You had 7 spell levels left.
You didn't know any spells.

Dungeon Overview and Level Annotations

Branches:
Dungeon (5/15)             Temple (1/1) D:4

Altars:
Ashenzari
Cheibriados
Makhleb
Nemelex Xobeh
Trog
Uskayaw
Vehumet
Xom
Yredelemnul
The Shining One

Shops:
D:4 ?


Innate Abilities, Weirdness & Mutations

You are resistant to damage.
You can heal yourself by infusing magical energy.
You passively map a small area around you.
You do not regenerate.


Message History

You hit the worker ant but do no damage.
The worker ant is moderately wounded.
You block the worker ant's attack. The worker ant bites you.
* * * LOW HITPOINT WARNING * * *
You hit the worker ant.
The worker ant is heavily wounded.
The worker ant bites you but does no damage.
You slash the worker ant!
You kill the worker ant!
Makhleb accepts your kill.
You now have 201 gold pieces (gained 18).
A shadow imp comes into view.
The shadow imp shouts, "Go and return not, thou peaked stone-broke bandersnitch!"
You hear an angry hiss.
Found 12 stones.
An orc comes into view. It is wielding a short sword.
The orc shouts!
The shadow imp gestures at you. Pain shoots through your body!
You die...

, * *, * , , .. * *
.o, ,, , * .# ** , ,
.. , .# * * *
,,..###. .#,* * ,
*#..#.* *.# * #...
##.+ ,, *
###..####@.#** ,
(.....#....# *
*#...##.#,* , ## ***
#....#.## * * * ...##
###.........
#...#####........5#.,
,*
*#..#....#.........
**
*#..####..........,,
* * #.## #..........


You could see a shadow imp and an orc.

Vanquished Creatures
  The ghost of azzavlup the Slasher, a novice DsAK of Lugonu (D:5)
  Purgy (D:3)
  4 ogres
  2 howler monkeys (D:5)
  A crimson imp (D:5)
  A centaur zombie (Ossuary)
  5 hounds
  5 orc wizards
  A bullfrog skeleton (D:4)
  2 orc priests
  An iguana (D:5)
  A merfolk siren (Sewer)
  3 worker ants
  A merfolk avatar (Sewer)
  3 big kobold zombies (Ossuary)
  2 mummies (Ossuary)
  Robin (D:3)
  2 river rats (Sewer)
  10 adders
  An adder zombie (Ossuary)
  2 adder skeletons (D:4)
  4 worms
  4 dart slugs
  6 leopard geckos
  9 orcs
  8 bats
  7 giant cockroaches
  13 goblins
  12 hobgoblins
  6 kobolds
  2 quokkas
  9 ball pythons
  5 frilled lizards
  2 goblin zombies (Ossuary)
  3 hobgoblin zombies (Ossuary)
  A jackal zombie (Ossuary)
  11 kobold zombies (Ossuary)
  A leopard gecko skeleton (D:4)
  14 orc zombies (Ossuary)
  23 rats
  A rat zombie (Ossuary)
191 creatures vanquished.

Notes
Turn   | Place    | Note
-------+----------+-------------------------------------------
     0 | D:1      | Kairos the Deep Dwarf Fighter began the quest for the Orb.
     0 | D:1      | Reached XP level 1. HP: 20/20 MP: 1/1
    92 | D:1      | Reached XP level 2. HP: 27/27 MP: 2/2
   367 | D:1      | Reached XP level 3. HP: 29/33 MP: 3/3
   483 | D:2      | Reached skill level 3 in Axes
   520 | D:2      | Reached XP level 4. HP: 29/42 MP: 4/4
   603 | D:2      | Reached skill level 4 in Axes
   603 | D:2      | Reached XP level 5. HP: 26/49 MP: 5/5
   638 | D:2      | Found a glowing golden altar of the Shining One.
   858 | D:2      | Reached skill level 1 in Dodging
  1332 | D:3      | Noticed Purgy
  1335 | D:3      | Killed Purgy
  1335 | D:3      | Reached skill level 5 in Axes
  1335 | D:3      | Reached XP level 6. HP: 47/56 MP: 6/6
  1755 | D:3      | Found a glowing drain.
  1760 | D:3      | Noticed Robin
  1800 | D:3      | Killed Robin
  1826 | Sewer    | Entered a sewer
  2574 | D:3      | Reached skill level 6 in Axes
  2574 | D:3      | Reached XP level 7. HP: 10/63 MP: 7/7
  2795 | D:4      | Found a sand-covered staircase.
  2801 | Ossuary  | Entered an ossuary
  2882 | Ossuary  | Reached skill level 5 in Shields
  3146 | D:4      | Found Qukhy's Magic Scroll Shoppe.
  3198 | D:4      | Reached skill level 7 in Axes
  3466 | D:4      | Found a staircase to the Ecumenical Temple.
  3479 | Temple   | Entered the Ecumenical Temple
  3614 | Temple   | Became a worshipper of Makhleb the Destroyer
  3680 | D:4      | Reached XP level 8. HP: 8/72 MP: 8/8
  3768 | D:4      | Reached skill level 1 in Evocations
  3860 | D:4      | Bought a scroll of enchant armour for 97 gold pieces
  3873 | D:5      | Entered Level 5 of the Dungeon
  3911 | D:5      | Noticed azzavlup's ghost (novice DsAK)
  4092 | D:5      | Reached skill level 5 in Armour
  4127 | D:5      | Killed azzavlup's ghost
  4177 | D:5      | HP: 3/73 [orc wizard/magic dart (5)]
  4185 | D:5      | HP: 2/73 [something (1)]
  4192 | D:5      | HP: 1/73 [orc/whip (1)]
  4197 | D:5      | Found a bloodstained altar of Trog.
  4236 | D:5      | Reached skill level 8 in Axes
  4374 | D:5      | HP: 3/73 [worker ant (4)]
  4396 | D:5      | Killed from afar by a shadow imp

Vault maps used:
D:1:      dpeg_arrival_ternary
D:2:      nicolae_overflow_crystal_walls, first_ration,
          minmay_misc_feat_more_columns
D:3:      cheibrodos_sewer_entry_sluice, uniq_robin, uniq_purgy
D:4:      minmay_temple_entry_glassed_door, serial_shops, kennysheep_mini_moat,
          nicolae_ossuary_entry_plus, st_stairs_9, hangedman_decor_growths
D:5:      basic_altar, corexii_corridor_pit, grunt_tough_drop
Temple:   nicolae_temple_figure_eight
Sewer:    sewer_sea
Ossuary:  ossuary_tomb_1

Skill      XL: |  1  2  3  4  5  6  7  8 |
---------------+-------------------------+-----
Axes           | 3 4 5 6 7 8 |  8.2
Fighting       | 3 4 |  4.7
Shields        | 4 5 6 |  6.2
Dodging        | 1 2 |  2.8
Armour         | 4 5 |  5.8
Evocations     | 2 |  2.1
Stealth        | |  0.1

Action                   |  1- 3 |  4- 6 |  7- 9 || total
-------------------------+-------+-------+-------++-------
Melee: War axe           |    83 |   293 |   261 ||   637
Evoke: Wand              |       |     1 |    10 ||    11
  Use: Potion            |       |     7 |     7 ||    14
       Scroll            |       |     8 |     2 ||    10
  Eat: Chunk             |       |     6 |     7 ||    13
Armor: Scale mail        |    49 |   114 |    75 ||   238
       Skin              |       |     2 |       ||     2
Dodge: Dodged            |    37 |    89 |    49 ||   175
Block: Shield            |    69 |   141 |   121 ||   331

Table legend:
 A = Spawn XP
 B = Non-spawn XP
 C = Spawn XP percentage of total XP
 D = Spawn monster count
 E = Non-spawn monster count
 F = Spawn count percentage of total count
 G = Total turns spent on level
                    A         B        C        D         E        F      G
               +---------+---------+-------+---------+---------+-------+---------
         Total |       0 |    2471 |   0.0 |       0 |     191 |   0.0 |  4396
               +---------+---------+-------+---------+---------+-------+---------
           D:1 |       0 |      41 |   0.0 |       0 |      20 |   0.0 |   451
           D:2 |       0 |     225 |   0.0 |       0 |      27 |   0.0 |   768
           D:3 |       0 |     364 |   0.0 |       0 |      38 |   0.0 |   890
           D:4 |       0 |     489 |   0.0 |       0 |      14 |   0.0 |   724
           D:5 |       0 |     999 |   0.0 |       0 |      15 |   0.0 |   500
         Sewer |       0 |     156 |   0.0 |       0 |      38 |   0.0 |   663
       Ossuary |       0 |     197 |   0.0 |       0 |      39 |   0.0 |   252
               +---------+---------+-------+---------+---------+-------+---------
